 Dungeon Crawl Stone Soup version 0.30-a0-141-g30f27751c5 (webtiles) character file.

Game seed: 13121734479949523382

184 qw the Chopper (level 5, -4/33 HPs)
             Began as a Gargoyle Fighter on Sept 25, 2022.
             Slain by Blork the orc
             ... wielding a +1 vorpal war axe
              (8 damage)
             ... on level 4 of the Dungeon.
             The game lasted 00:01:14 (3407 turns).

qw the Chopper (Gargoyle Fighter)                   Turns: 3407, Time: 00:01:15

Health: -4/33      AC: 14    Str: 21    XL:     5   Next: 64%
Magic:  5/5        EV:  7    Int:  9    God:
Gold:   182        SH:  4    Dex:  9    Spells: 4/4 levels left

rFire   + . .      SeeInvis .    Y - +0 war axe
rCold   . . .      Faith    .    c - +0 buckler
rNeg    + . .      Spirit   .    f - +0 chain mail
rPois   inf        Reflect  .    (no helmet)
rElec   +          Harm     .    (no cloak)
rCorr   .          Rampage  .    e - +0 pair of gloves
Will    .....                    (no boots)
Stlth   ..........               (no amulet)
HPRegen 0.11/turn                m - ring of protection from fire
MPRegen 0.09/turn                (no ring)

@: no status effects
A: sickness immunity, AC +4, negative energy resistance 1, electricity
resistance, torment resistance 1, petrification resistance
a: no special abilities


You were on level 4 of the Dungeon.
You visited 1 branch of the dungeon, and saw 4 of its levels.

You collected 182 gold pieces.


Innate Abilities, Weirdness & Mutations

You are immune to sickness and miasma.
Your stone body is resilient. (AC +4)
You are immune to poison.
You resist negative energy. (rN+)
You are resistant to electric shocks. (rElec)
You are resistant to unholy torment.
You are immune to petrification.


   Skills:
 + Level 3.7 Fighting
 - Level 5.0 Axes
 - Level 3.2 Armour
 - Level 3.2 Shields


You had 4 spell levels left.
You didn't know any spells.
Your spell library was empty.

Inventory:

Hand Weapons
 k - a +1 whip of venom
 Y - a +0 war axe (weapon)
Armour
 c - a +0 buckler (worn)
 e - a +0 pair of gloves (worn)
 f - a +0 chain mail (worn)
Jewellery
 m - a ring of protection from fire (left hand)
Potions
 a - a potion of curing
 d - a potion of might
 g - a potion of cancellation {unknown}
 h - a potion of mutation {unknown}
 i - a potion of degeneration {unknown}
 j - a potion of brilliance {unknown}
 l - a potion of haste {unknown}
 n - a potion of flight {unknown}

Dungeon Overview and Level Annotations

Branches:
Dungeon (4/15)
 Temple: D:4-7

Altars:
Sif Muna

Annotations:
D:3 1 runed translucent door, Crazy Yiuf
D:4 Blork the orc


Message History

You slash Blork the orc!
Blork the orc is severely wounded.
Your surroundings suddenly seem different.
You start resting.
Blork the orc is nearby!
Blork the orc shouts!
You hear a shout!
Blork the orc casts a spell at you. You block the puff of flame.
You hit Blork the orc.
Blork the orc is heavily wounded.
Blork the orc hits you with a +1 vorpal war axe!
You slash Blork the orc!
Blork the orc is severely wounded.
You block Blork the orc's attack.
You hit Blork the orc.
Blork the orc is almost dead.
Blork the orc casts a spell at you. The magic dart hits you!
3401 ||| READING scroll of teleportation.
As you read the scroll of teleportation, it crumbles to dust.
You feel strangely unstable.
Blork the orc gestures wildly while chanting.
Blork the orc seems to speed up.
You closely miss Blork the orc.
Blork the orc is almost dead.
You block Blork the orc's attack.
Blork the orc drinks a potion.
Blork the orc is healed!
You hit Blork the orc.
Blork the orc is lightly wounded.
Blork the orc hits you but does no damage.
You block Blork the orc's attack.
You barely miss Blork the orc.
Blork the orc is lightly wounded.
Blork the orc looks satisfied for a moment.
Blork the orc hits you but does no damage.
You barely miss Blork the orc.
Blork the orc is lightly wounded.
Your surroundings suddenly seem different.
Blork the orc hits you with a +1 vorpal war axe!
You die...

###.......####.####.##
##............#...#...#
###..............#...#
.#.................#..##
.......<...........##..## #
...................###..##.
..................## ##....
..................# ##.##
..........@o.....## #...o.#
................###........
#...............#..........
##.........................
###.............>.........
##...................>..
##.....................
###..........


You could see Blork the orc (fast).

Vanquished Creatures
  Natasha (twice) (D:2)
  5 adders
  A worm (D:2)
  3 dart slugs
  7 orcs (D:3)
  11 ball pythons
  2 bats
  6 endoplasms
  3 giant cockroaches
  3 hobgoblins
  4 jackals (D:1)
  13 kobolds
  A quokka (D:2)
  3 frilled lizards
  4 goblins
  5 rats
73 creatures vanquished.

Notes
Turn   | Place    | Note
-------+----------+-------------------------------------------
     0 | D:1      | qw the Gargoyle Fighter began the quest for the Orb.
     0 | D:1      | Reached XP level 1. HP: 14/14 MP: 1/1
     0 | D:1      | 0 ||| qw: Version: 0.2-a-9-ge00f85e
     0 | D:1      | 0 ||| qw: Game counter: 87
     0 | D:1      | 0 ||| qw: Always use a shield: true
     0 | D:1      | 0 ||| qw: God list: Okawaru
     0 | D:1      | 0 ||| qw: Allow faded altars: false
     0 | D:1      | 0 ||| qw: Do Orc after D:15 true
     0 | D:1      | 0 ||| qw: Do second Lair branch before Depths: true
     0 | D:1      | 0 ||| qw: Lair rune preference: random
     0 | D:1      | 0 ||| qw: Plans: Normal, Zot:1-4, God:TSO, Crypt, Tomb,
                  | Pan, Slime:5, Hells, Abyss, Orb
     0 | D:1      | 0 ||| PLANNING D:1-11
    57 | D:1      | 57 ||| Stepping ~*~*~tactically~*~*~ (stealth).
    60 | D:1      | 60 ||| Stepping ~*~*~tactically~*~*~ (hiding).
    70 | D:1      | Reached skill level 2 in Axes
    80 | D:1      | Reached XP level 2. HP: 11/19 MP: 2/2
   523 | D:1      | Reached skill level 3 in Axes
   638 | D:1      | 638 ||| Stepping ~*~*~tactically~*~*~ (stealth).
   639 | D:1      | 639 ||| Stepping ~*~*~tactically~*~*~ (stealth).
   644 | D:1      | 644 ||| Stepping ~*~*~tactically~*~*~ (stealth).
   647 | D:1      | Reached XP level 3. HP: 22/23 MP: 3/3
   672 | D:1      | 672 ||| Stepping ~*~*~tactically~*~*~ (stealth).
   829 | D:1      | 829 ||| DROPPING +0 club.
  1064 | D:1      | 1064 ||| READING scroll labelled PUFFAMITAN.
  1065 | D:1      | 1065 ||| READING scroll labelled SIFEUT OMIOSUM.
  1112 | D:2      | 1112 ||| Stepping ~*~*~tactically~*~*~ (stealth).
  1150 | D:2      | 1150 ||| Stepping ~*~*~tactically~*~*~ (stealth).
  1151 | D:2      | 1151 ||| Stepping ~*~*~tactically~*~*~ (stealth).
  1186 | D:2      | 1186 ||| Stepping randomly (stuck).
  1212 | D:2      | 1212 ||| DROPPING +0 whip.
  1316 | D:2      | Found a shimmering blue altar of Sif Muna.
  1325 | D:2      | 1325 ||| Stepping ~*~*~tactically~*~*~ (stealth).
  1329 | D:2      | 1329 ||| Stepping ~*~*~tactically~*~*~ (stealth).
  1337 | D:2      | 1337 ||| Stepping ~*~*~tactically~*~*~ (stealth).
  1348 | D:2      | Reached XP level 4. HP: 28/28 MP: 4/4
  1559 | D:2      | Found a faded altar of an unknown god.
  1573 | D:2      | 1573 ||| Stepping ~*~*~tactically~*~*~ (stealth).
  1581 | D:2      | 1581 ||| FLEEEEING.
  1582 | D:2      | 1582 ||| FLEEEEING.
  1645 | D:2      | Noticed Natasha
  1646 | D:2      | 1646 ||| Stepping ~*~*~tactically~*~*~ (hiding).
  1650 | D:2      | Killed Natasha
  1651 | D:2      | Reached skill level 4 in Axes
  1772 | D:2      | Noticed Natasha
  1773 | D:2      | 1773 ||| Stepping ~*~*~tactically~*~*~ (stealth).
  1774 | D:2      | 1774 ||| Stepping ~*~*~tactically~*~*~ (stealth).
  1782 | D:2      | Killed Natasha
  1783 | D:2      | Reached XP level 5. HP: 27/32 MP: 5/5
  1783 | D:2      | 1783 ||| Stepping ~*~*~tactically~*~*~ (stealth).
  1794 | D:2      | 1794 ||| Stepping ~*~*~tactically~*~*~ (stealth).
  1795 | D:2      | 1795 ||| Stepping ~*~*~tactically~*~*~ (stealth).
  2095 | D:2      | 2095 ||| UPGRADING to +0 pair of gloves.
  2100 | D:2      | 2100 ||| UPGRADING to ring of protection from fire.
  2101 | D:2      | 2101 ||| READING scroll labelled DEDABI TUM FYI.
  2102 | D:2      | 2102 ||| DRINKING 2 golden potions.
  2103 | D:2      | 2103 ||| DRINKING 2 dark potions.
  2104 | D:2      | 2104 ||| DROPPING potion of magic.
  2300 | D:3      | 2300 ||| FLEEEEING.
  2301 | D:3      | 2301 ||| FLEEEEING.
  2386 | D:3      | 2386 ||| Stepping ~*~*~tactically~*~*~ (stealth).
  2387 | D:3      | 2387 ||| Stepping ~*~*~tactically~*~*~ (stealth).
  2490 | D:3      | 2490 ||| FLEEEEING.
  2491 | D:3      | 2491 ||| FLEEEEING.
  2600 | D:3      | 2600 ||| Stepping ~*~*~tactically~*~*~ (stealth).
  2603 | D:3      | 2603 ||| Stepping ~*~*~tactically~*~*~ (stealth).
  2604 | D:3      | 2604 ||| Stepping ~*~*~tactically~*~*~ (stealth).
  2605 | D:3      | 2605 ||| Stepping ~*~*~tactically~*~*~ (stealth).
  2995 | D:3      | Reached skill level 5 in Axes
  3186 | D:3      | Found a runed translucent door.
  3187 | D:3      | Noticed Crazy Yiuf
  3190 | D:3      | 3190 ||| UPGRADING to +0 chain mail.
  3200 | D:3      | 3200 ||| DROPPING +0 scale mail.
  3201 | D:3      | 3201 ||| READING 3 scrolls labelled XABEUH NAGOA.
  3284 | D:4      | Noticed Blork the orc
  3285 | D:4      | 3285 ||| Stepping ~*~*~tactically~*~*~ (hiding).
  3299 | D:4      | HP: 8/33 [Blork the orc/+1 vorpal war axe (1)]
  3300 | D:4      | 3300 ||| READING 2 scrolls of teleportation.
  3400 | D:4      | HP: 3/33 [Blork the orc/magic dart (7)]
  3401 | D:4      | 3401 ||| READING scroll of teleportation.
  3407 | D:4      | Slain by Blork the orc

Levels and vault maps discovered:
D:1:      saegor_arrival_simple_b, layout_rooms
D:2:      layout_rooms, serial_co_window_serial, co_window_of_opportunity_a,
          co_window_of_opportunity_a, co_window_paths_a,
          co_window_of_opportunity_a, co_window_corner_a, co_window_2corner,
          co_window_unsneaky_path_d, co_window_corner_b, glass_columns_a,
          glass_columns_a, glass_columns_a, glass_columns_a, glass_columns_a,
          hellmonk_ecumenical_altar_leap_of_faith, basic_altar,
          minmay_pentomino_pile, uniq_natasha
D:3:      layout_basic, uniq_crazy_yiuf_cottage
D:4:      layout_cave_pods, minitemple, uniq_blork_the_orc

Skill      XL: |  1  2  3  4  5 |
---------------+----------------+-----
Axes           | 2 3 4 5 |  5.0
Fighting       | |  3.7
Armour         | |  3.2
Shields        | |  3.2

Action                   |  1- 3 |  4- 6 || total
-------------------------+-------+-------++-------
Melee: War axe           |   120 |   123 ||   243
Throw: Boomerang         |       |     1 ||     1
  Use: Scroll            |     2 |     4 ||     6
       Potion            |       |     2 ||     2
Armor: Scale mail        |    68 |    56 ||   124
       Chain mail        |       |     3 ||     3
Dodge: Dodged            |    57 |    53 ||   110
Block: Buckler           |    18 |    27 ||    45

Table legend:
 A = Non-vault XP
 B = Vault XP
 C = Vault XP percentage of total XP
 D = Non-vault monster count
 E = Vault monster count
 F = Vault count percentage of total count
                 A         B        C        D         E       F
            +---------+---------+-------+---------+---------+-------
      Total |     217 |      47 |  17.8 |      67 |       6 |   8.2
            +---------+---------+-------+---------+---------+-------
        D:1 |      52 |       0 |   0.0 |      29 |       0 |   0.0
        D:2 |      71 |      47 |  39.8 |      14 |       6 |  30.0
        D:3 |      94 |       0 |   0.0 |      24 |       0 |   0.0
            +---------+---------+-------+---------+---------+-------
